 Dungeon Crawl Stone Soup version 0.31.0-11-ge490571c62 (webtiles) character file.

Game seed: 12618255741865710461

145 qw the Skirmisher (level 5, 0/29 HPs)
             Began as a Deep Elf Hunter on Feb 4, 2024.
             Slain by a scorpion zombie (2 damage)
             ... in an ossuary.
             The game lasted 00:00:08 (1702 turns).

qw the Skirmisher (Deep Elf Hunter)                 Turns: 1702, Time: 00:00:08

Health: 0/29       AC:  7    Str: 10    XL:     5   Next: 6%
Magic:  7/7        EV: 11    Int: 14    God:
Gold:   140        SH:  0    Dex: 18    Spells: 4/4 levels left

rFire   . . .        a - +0 shortbow (freeze)
rCold   . . .        (shield currently unavailable)
rNeg    . . .        l - +0 ring mail
rPois   .            (no helmet)
rElec   .            f - +0 cloak
rCorr   .            (no gloves)
SInv    .            j - +0 pair of boots
Will    .....        (no amulet)
Stlth   +            (no ring)
HPRegen 0.24/turn    (no ring)
MPRegen 0.10/turn

%: no passive effects
@: about to teleport
A: no striking features
a: no special abilities


You were in an ossuary.
You visited 1 branch of the dungeon, and saw 4 of its levels.
You also visited: Ossuary.

You collected 140 gold pieces.


   Skills:
 - Level 1.5 Fighting
 + Level 8.4 Ranged Weapons
 - Level 2.4 Dodging
 - Level 1.2 Stealth


You had 4 spell levels left.
You didn't know any spells.
Your spell library was empty.

Inventory:

Hand Weapons
 a - a +0 shortbow of freezing (weapon)
Armour
 f - a +0 cloak (worn)
 j - a +0 pair of boots (worn)
 l - a +0 ring mail (worn)
Scrolls
 i - a scroll of teleportation
Potions
 b - a potion of haste {unknown}
 g - a potion of mutation
 h - a potion of heal wounds
 m - a potion of enlightenment {unknown}

Dungeon Overview and Level Annotations

Branches:
Dungeon (4/15)            Ossuary (1/1)
 Temple: D:4-7

Altars:
Trog


Message History

The arrow freezes the hobgoblin.
You kill the hobgoblin!
The orc hits you but does no damage.
You shoot an arrow. The arrow barely misses the orc.
The orc hits you but does no damage.
You shoot an arrow. The arrow barely misses the orc.
The orc hits you but does no damage.
You shoot an arrow. The arrow hits the orc!
The arrow freezes the orc.
You kill the orc!
You start resting.
You hear the slow hiss of an avalanche of sand.
HP restored.
You see here a +0 dagger.
Found an escape hatch in the floor.
You see here a +1 flail of protection.
There is a sand-covered staircase here.
The world spins around you as you enter the gateway.
You enter an ossuary!
Found a gate leading back out of this place.
There is an empty arch of ancient stone here.
Waypoint 4 assigned to Ossuary.
You shoot an arrow. The arrow hits the mummy!
The arrow freezes the mummy.
The mummy is heavily damaged.
You shoot an arrow.
The arrow hits the scorpion zombie but does no damage.
You shoot an arrow.
The arrow hits the scorpion zombie but does no damage.
The scorpion zombie hits you.
You shoot an arrow. The arrow hits the scorpion zombie.
The scorpion zombie is lightly damaged.
You shoot an arrow. The arrow hits the mummy!
The arrow freezes the mummy.
The mummy is almost destroyed.
The mummy hits you!
You shoot an arrow. The arrow barely misses the mummy.
The scorpion zombie hits you. The mummy hits you. The mummy hits you!
1702 ||| READING 2 scrolls of teleportation.
As you read the scroll of teleportation, it crumbles to dust.
You feel strangely unstable. The scorpion zombie hits you.
You die...

###
######..#
#....Z.##
+.\.@M..#
#....M.##
######..#
###


You could see 2 mummies and a scorpion zombie.

Vanquished Creatures
  An orc priest (D:4)
  Terence (D:2)
  4 adders
  3 dart slugs
  A ribbon worm (D:3)
  5 orcs
  6 endoplasms
  2 giant cockroaches
  4 goblins
  3 hobgoblins
  5 ball pythons
  A bat (D:2)
  5 frilled lizards (D:3)
  5 kobolds
  2 rats
48 creatures vanquished.

Notes
Turn   | Place    | Note
-------+----------+-------------------------------------------
     0 | D:1      | qw the Deep Elf Hunter began the quest for the Orb.
     0 | D:1      | Reached XP level 1. HP: 12/12 MP: 3/3
     0 | D:1      | 0 ||| qw: Version: 0.3-a-160-g6735b56
     0 | D:1      | 0 ||| qw: Game counter: 4957
     0 | D:1      | 0 ||| qw: Melee chars always use a shield: true
     0 | D:1      | 0 ||| qw: God list: Okawaru
     0 | D:1      | 0 ||| qw: Allow faded altars: false
     0 | D:1      | 0 ||| qw: Do Orc after clearing Dungeon:15 true
     0 | D:1      | 0 ||| qw: Do second Lair branch before Depths: true
     0 | D:1      | 0 ||| qw: Lair rune preference: random
     0 | D:1      | 0 ||| qw: Goals: Normal
     0 | D:1      | 0 ||| PLANNING D:1-11
   444 | D:1      | 444 ||| READING scroll labelled ROC GAALOIGIDI.
   447 | D:1      | 447 ||| READING scroll labelled QEBUIVVAI.
   447 | D:1      | 447 ||| IDENTIFYING smoky cyan potion
   448 | D:1      | 448 ||| DRINKING 2 dark potions.
   449 | D:1      | 449 ||| DROPPING scroll of butterflies.
   476 | D:2      | Reached XP level 2. HP: 16/16 MP: 4/4
   479 | D:2      | Reached skill level 6 in Ranged Weapons
   691 | D:2      | Noticed Terence
   698 | D:2      | Killed Terence
   699 | D:2      | Reached XP level 3. HP: 20/20 MP: 5/5
   710 | D:2      | Found a faded altar of an unknown god.
   814 | D:2      | 814 ||| UPGRADING to +0 scale mail.
   824 | D:2      | 824 ||| DROPPING +0 leather armour.
   825 | D:2      | 825 ||| UPGRADING to +0 cloak.
   830 | D:2      | 830 ||| UPGRADING to +0 pair of boots.
   835 | D:2      | 835 ||| UPGRADING to +0 ring mail.
   845 | D:2      | 845 ||| DROPPING +0 scale mail.
   846 | D:2      | 846 ||| DROPPING +6 ring of intelligence.
   847 | D:2      | 847 ||| READING scroll labelled DUMPU QOCZOMU.
   972 | D:3      | Reached skill level 7 in Ranged Weapons
  1100 | D:3      | Found a bloodstained altar of Trog.
  1147 | D:3      | Reached XP level 4. HP: 25/25 MP: 6/6
  1526 | D:3      | 1526 ||| READING 2 scrolls of identify.
  1526 | D:3      | 1526 ||| IDENTIFYING murky white potion
  1527 | D:3      | 1527 ||| READING scroll of identify.
  1527 | D:3      | 1527 ||| IDENTIFYING bubbling yellow potion
  1528 | D:3      | 1528 ||| READING scroll labelled FEPTUJAHITUPS.
  1528 | D:3      | 1528 ||| BRANDING +0 shortbow.
  1529 | D:3      | 1529 ||| DRINKING 2 red potions.
  1530 | D:3      | 1530 ||| DRINKING potion of curing.
  1530 | D:3      | 1530 ||| (to cure confusion)
  1531 | D:3      | 1531 ||| DROPPING potion of ambrosia.
  1532 | D:3      | 1532 ||| DROPPING potion of lignification.
  1573 | D:4      | 1573 ||| PLANNING OSSUARY
  1618 | D:4      | Reached skill level 8 in Ranged Weapons
  1633 | D:4      | Found a sand-covered staircase.
  1647 | D:4      | Reached XP level 5. HP: 25/29 MP: 7/7
  1695 | Ossuary  | Entered an ossuary
  1701 | Ossuary  | HP: 1/29 [mummy (14)]
  1702 | Ossuary  | 1702 ||| READING 2 scrolls of teleportation.
  1702 | Ossuary  | Slain by a scorpion zombie

Levels and vault maps discovered:
D:1:      eino_arrival_druids_welcome, layout_rooms
D:2:      layout_rooms, hellmonk_ecumenical_altar_heavens_door, uniq_terence
D:3:      layout_basic, trog_butcher_becter
D:4:      layout_rooms, overflow_temple_1_default,
          nicolae_ossuary_entry_monument
Ossuary:  ossuary_minmay_chase

Skill      XL: |  1  2  3  4 |
---------------+-------------+-----
Ranged Weapons | 6 7 8 |  8.4
Fighting       | |  1.5
Dodging        | |  2.4
Stealth        | |  1.2

Action                     |  1- 3 |  4- 6 || total
---------------------------+-------+-------++-------
   Fire: Shortbow          |    74 |    67 ||   141
    Use: Scroll            |     3 |     4 ||     7
         Potion            |     1 |     2 ||     3
 Armour: Leather armour    |     2 |       ||     2
         Ring mail         |     8 |    25 ||    33
  Dodge: Dodged            |     7 |    20 ||    27

Table legend:
 A = Non-vault XP
 B = Vault XP
 C = Vault XP percentage of total XP
 D = Non-vault monster count
 E = Vault monster count
 F = Vault count percentage of total count
                 A         B        C        D         E       F
            +---------+---------+-------+---------+---------+-------
      Total |     170 |      38 |  18.3 |      43 |       5 |  10.4
            +---------+---------+-------+---------+---------+-------
        D:1 |      10 |       0 |   0.0 |       5 |       0 |   0.0
        D:2 |      17 |      32 |  65.3 |      10 |       1 |   9.1
        D:3 |      74 |       6 |   7.5 |      20 |       4 |  16.7
        D:4 |      69 |       0 |   0.0 |       8 |       0 |   0.0
            +---------+---------+-------+---------+---------+-------
